Cogmind - Beta 13 *** ADVENTURER MODE // 2024.04.16 @ 00:08:39 Player: nixie Result: Destroyed by Y-54 Guardian with Flak Gun Performance ------------- Evolutions (3) 1500 Regions Visited (7) 1400 Robots Destroyed (55) 275 Value Destroyed (1915) 1915 Prototype IDs (27) 540 Alien Tech Used (0) 0 Bonus (535) 535 TOTAL SCORE: 6165 Bonus ------- High Alert Combat Kills 2 Follower Combat Kills 33 Entered Garrisons 200 Aligned with FarCom 300 Cogmind --------- Core Integrity 0/700 Matter 195/300 Energy 100/100 System Corruption 4% Temperature Cool (12) Movement Core (50) Location -7/Garrison Parts ------- > --- POWER (1) -------- (None) > --- PROPULSION (3) --- (None) > --- UTILITY (6) ------ Advanced Weight Redist. System Improved Targeting Computer Advanced Targeting Computer > --- WEAPON (3) ------- Autogun > --- INVENTORY (5) ---- (None) Peak State ------------ > --- POWER ------------ Light Nuclear Core > --- PROPULSION ------- Aluminum Leg Aluminum Leg VSS Leg > --- UTILITY ---------- Improved Heat Sink Medium Storage Unit Medium Matter Pod Machine Analyzer Visual Processing Unit Improved Utility Shielding > --- WEAPON ----------- Latent Energy Streamer Plasma Cannon High-powered Shotgun > --- INVENTORY -------- Micro Nuclear Core Improved Heat Sink Improved Heat Sink Improved Heat Sink Kinecellerator Light Cannon Improved Datajack [Rating: 40] Favorites ----------- Power Ion Engine Engine Ion Engine Power Core Light Nuclear Core Propulsion Light Treads Treads Light Treads Leg Aluminum Leg Flight Unit Surge Thruster Utility Medium Storage Unit Device Advanced Weight Redist. System Storage Medium Storage Unit Processor Machine Analyzer Protection Improved Utility Shielding Weapon Latent Energy Streamer Energy Gun EM Pulse Gun Energy Cannon Latent Energy Streamer Ballistic Gun Assault Rifle Ballistic Cannon Light Cannon Launcher Rocket Launcher Special Melee Weapon Datajack Build | -11 -10 -10 -10 -9 -8 -7 -7 ------- Run | Yrd Mat Min Exi Min Mat Fac Gar Slots Evolved 6 | . . . . . 4 2 . Power . | . . . . . . . . Propulsion 1 | . . . . . 1 . . Utility 4 | . . . . . 2 2 . Weapon 1 | . . . . . 1 . . Parts Attached 64 | 5 8 . 4 1 5 32 9 Power 13 | 1 3 . 1 . . 7 1 Engine 6 | 1 3 . 1 . . 1 . Core 7 | . . . . . . 6 1 Reactor . | . . . . . . . . Propulsion 16 | 2 . . . . 2 7 5 Treads 7 | 2 . . . . 2 . 3 Leg 7 | . . . . . . 7 . Wheel . | . . . . . . . . Hover . | . . . . . . . . Flight 2 | . . . . . . . 2 Utility 13 | . 3 . . . 2 8 . Device 5 | . . . . . . 5 . Storage 3 | . 3 . . . . . . Processor 4 | . . . . . 1 3 . Hackware . | . . . . . . . . Protection 1 | . . . . . 1 . . Artifact . | . . . . . . . . Weapon 22 | 2 2 . 3 1 1 10 3 Energy Gun 5 | 2 . . . . . 1 2 Energy Cannon 5 | . . . 1 . . 4 . Ballistic Gun 4 | . 1 . . . 1 1 1 Ballistic Cannon 6 | . 1 . 1 . . 4 . Launcher 1 | . . . . 1 . . . Special Weapon . | . . . . . . . . Impact Weapon . | . . . . . . . . Slashing Weapon . | . . . . . . . . Piercing Weapon . | . . . . . . . . Special Melee Weapon 1 | . . . 1 . . . . Unidentified Prototypes 2 | . . . . . . 2 . Corrupted Parts 1 | . . . . . . . 1 System Corruption 2 | . . . . . . . 2 Parts Lost 17 | . . . . . 2 8 7 Power 3 | . . . . . 1 1 1 Propulsion 7 | . . . . . 1 3 3 Utility 1 | . . . . . . 1 . Weapon 6 | . . . . . . 3 3 Highest Loss Streak 5 | . . . . . 2 2 5 To Critical Strikes . | . . . . . . . . Average Slot Usage (%) 86 | . 73 100 99 100 88 84 64 Engine 6 | . 14 14 14 14 7 . . Core 3 | . . . . . . 6 6 Treads 15 | . 28 28 28 28 25 1 9 Leg 7 | . . . . . . 18 1 Device 4 | . . . . . . 9 9 Storage 14 | . 2 28 28 28 18 10 . Processor 6 | . . . . . 7 11 15 Protection 2 | . . . . . 4 3 . Energy Gun 1 | . 11 . . . . . 9 Energy Cannon 7 | . . . 3 14 9 10 1 Ballistic Gun 6 | . 11 14 10 . 7 3 . Ballistic Cannon 6 | . 5 14 13 8 . 3 8 Launcher 1 | . . . . 5 9 . . Naked Turns . | . . . . . . . . Heaviest Build 41 | 7 22 22 30 31 36 41 30 Greatest Support 60 | 40 40 40 40 40 60 60 49 Greatest Overweight (x) 6 | . . . . . . 1 6 Average Overweight (x) . | . . . . . . . . Largest Inventory Capacity 10 | 5 10 10 10 10 10 10 5 Average Capacity 8 | 5 5 10 10 10 10 8 5 Most Carried 9 | 5 6 5 7 5 6 9 5 Average Carried 3 | 1 1 5 4 3 3 4 1 Final Capacity 10 | 5 10 10 10 10 10 5 5 Final Carried 5 | . 5 5 3 4 5 5 . Class Distribution -------------------- 50% | Mutant 33% | Skirmisher 9% | Gunner 7% | Scavenger-Skirmisher Dominant Class ---------------- Mutant | -10/Materials Mutant | -10/Mines Mutant | -10/Exiles Mutant | -9/Mines Skirmisher | -8/Materials Skirmisher | -7/Factory Gunner | -7/Garrison Resources | -11 -10 -10 -10 -9 -8 -7 -7 ----------- Run | Yrd Mat Min Exi Min Mat Fac Gar Matter Collected 1666 | 211 97 . . 51 404 717 186 Remotely . | . . . . . . . . Salvage Created 1842 | . 109 . . 54 428 1029 222 Parts 110 | . 8 . . 4 30 59 9 Haulers Intercepted . | . . . . . . . . Recyclers Shooed 3 | . 2 . . . . 1 . Parts Field Recycled . | . . . . . . . . Retrieved Matter . | . . . . . . . . Parts Self-Destructed . | . . . . . . . . Prevented . | . . . . . . . . Kills | -11 -10 -10 -10 -9 -8 -7 -7 ------- Run | Yrd Mat Min Exi Min Mat Fac Gar Combat Hostiles Destroyed 42 | . 1 . . 4 9 20 8 Guns 18 | . . . . . 6 8 4 Cannons 17 | . 1 . . 2 . 10 4 AOE 7 | . . . . 2 3 2 . Classes Destroyed 11 | . 3 . . 1 4 2 1 Worker 3 | . . . . . 2 1 . Builder 2 | . . . . . 2 . . Recycler 3 | . 1 . . . 1 1 . Operator 1 | . . . . . . 1 . Watcher 4 | . 1 . . . 1 2 . Swarmer 10 | . . . . 4 3 . 3 Cutter 3 | . . . . . . . 3 Grunt 15 | . 1 . . . 2 12 . Sentry 8 | . . . . . 3 3 2 Hunter 2 | . . . . . 1 1 . Programmer 4 | . . . . . . 4 . Best Kill Streak 5 | . 1 . . 4 4 5 4 Combat Bots Only 4 | . 1 . . 4 3 3 4 Max Kills in Single Turn 3 | . 1 . . 2 2 3 1 Gunslinging . | . . . . . . . . Exploded 2 | . . . . 2 2 2 . Melee . | . . . . . . . . Uniques/NPCs Destroyed . | . . . . . . . . Combat | -11 -10 -10 -10 -9 -8 -7 -7 -------- Run | Yrd Mat Min Exi Min Mat Fac Gar Hostile Shots Fired 544 | . . . . 15 56 294 179 Missed 163 | . . . . 6 10 94 53 Damage Taken 3498 | . . . . 102 528 1990 878 Core 755 | . . . . 20 33 507 195 Absorbed by Shields . | . . . . . . . . Redirected to Shielding 96 | . . . . . . 96 . Ignored by Resistances 1016 | . . . . 31 152 546 287 Core Remaining (%) 95 | 100 . . . 92 94 . . Volleys Fired 164 | . 7 . . 8 35 93 21 Largest 3 | . 2 . . 2 3 3 3 Hottest 183 | . 55 . . 95 118 180 183 Shots Fired 267 | . 14 . . 9 48 151 45 Gun 108 | . 7 . . . 32 51 18 Cannon 146 | . 7 . . 9 4 99 27 Launcher 13 | . . . . . 12 1 . Special . | . . . . . . . . Kinetic 163 | . 14 . . 8 32 84 25 Thermal 62 | . . . . . . 57 5 Explosive 13 | . . . . . 12 1 . Electromagnetic 29 | . . . . 1 4 9 15 Robot Hit Streak 16 | . 11 . . 15 9 16 14 Robot Miss Streak 4 | . 1 . . 1 4 2 2 Penetration Max 1 | . . . . . . 1 . Secondary Targets . | . . . . . . . . Shots Hit Robots 197 | . 12 . . 6 38 111 30 Core Hits 104 | . 6 . . 4 30 47 17 Critical Kills . | . . . . . . . . Critical Parts Destroyed 1 | . . . . . . 1 . Critical Strikes 6 | . 1 . . . . 2 3 Destroy 1 | . . . . . . 1 . Blast 4 | . 1 . . . . . 3 Corrupt 1 | . . . . . . 1 . Melee Attacks . | . . . . . . . . Impact . | . . . . . . . . Slashing . | . . . . . . . . Piercing . | . . . . . . . . Sneak Attacks . | . . . . . . . . Combat Hostiles . | . . . . . . . . Follow-up Attacks . | . . . . . . . . Damage Inflicted 5490 | . 193 . . 301 1281 2978 737 Guns 1727 | . 91 . . . 498 939 199 Cannons 2582 | . 95 . . 103 22 1825 537 Explosions 1157 | . . . . 198 749 210 . Melee . | . . . . . . . . Ramming 24 | . 7 . . . 12 4 1 Kinetic 2653 | . 186 . . 103 498 1379 487 Thermal 1308 | . . . . . . 1195 113 Explosive 563 | . . . . . 353 210 . Electromagnetic 942 | . . . . 198 418 190 136 Impact . | . . . . . . . . Slashing . | . . . . . . . . Piercing . | . . . . . . . . Highest Corruption 11 | . . . . 2 11 2 4 Average Corruption 3 | . . . . 2 8 1 2 Corruption Purged . | . . . . . . . . Corruption Blocked . | . . . . . . . . Effects 43 | . . . . 4 15 17 7 Message Errors 7 | . . . . 1 3 2 1 Matter Fused 16 | . . . . 2 7 6 1 Heat Flow Errors 4 | . . . . . . 2 2 Energy Discharges 3 | . . . . . 1 1 1 Data Loss (minor) 7 | . . . . 1 3 2 1 Data Loss (major) 2 | . . . . . . 2 . Misfires 1 | . . . . . . . 1 Alerts 1 | . . . . . 1 . . Weapon Failures 2 | . . . . . . 2 . Overload Shots . | . . . . . . . . Overflow Damage 40 | . . . . 10 . 14 16 Projectiles 18 | . . . . . . 2 16 Explosions 22 | . . . . 10 . 12 . Melee . | . . . . . . . . Knockbacks 10 | . 1 . . 2 . 2 5 Impact . | . . . . . . . . Kinetic 9 | . 1 . . 2 . 1 5 Secondary 1 | . . . . . . 1 . Self-Inflicted Damage 79 | . . . . 36 43 . . Shots 3 | . . . . 1 2 . . Rammed 6 | . 3 . . . 2 . 1 Targets Rammed 8 | . 3 . . . 2 2 1 Kicked 2 | . . . . . . 2 . Crushed . | . . . . . . . . Highest Temperature 524 | . . . . 33 48 524 481 Average Temperature 150 | . . . . 17 17 170 142 Received Heat Transfer 1281 | . . . . 6 135 906 234 Effects 20 | . . . . . . 16 4 Shutdowns 5 | . . . . . . 4 1 Energy Bleed 1 | . . . . . . . 1 Matter Decay 2 | . . . . . . 2 . Short Circuit 3 | . . . . . . 3 . Damage (minor) 5 | . . . . . . 5 . Damage (major) 2 | . . . . . . . 2 Damage (core) 2 | . . . . . . 2 . Siege Activations . | . . . . . . . . Robots Corrupted . | . . . . . . . . Combat Hostiles . | . . . . . . . . Parts Fried . | . . . . . . . . Impact Corruptions . | . . . . . . . . Robots Melted . | . . . . . . . . Combat Hostiles . | . . . . . . . . Parts Melted 3 | . . . . . . 3 . Heat Transferred 2398 | . . . . . . 2148 250 Parts Sabotaged . | . . . . . . . . Parts Stolen . | . . . . . . . . Parts Stripped . | . . . . . . . . Power Chain Reactions 1 | . . . . . 1 . . Latent Energy Used 755 | . . . . 105 650 . . LE Corruption 13 | . . . . 2 11 . . Alert | -11 -10 -10 -10 -9 -8 -7 -7 ------- Run | Yrd Mat Min Exi Min Mat Fac Gar Peak Influence 414 | . 51 16 . 117 414 217 195 Initial 83 | . . 16 . . 38 83 35 Average 88 | . 8 16 . 114 185 71 118 Maximum Alert Level 2 | . . . . . 2 1 . Low Security (%) 84 | 100 100 100 . 100 50 87 100 Level 1 12 | . . . . . 36 12 . Level 2 2 | . . . . . 13 . . Level 3 . | . . . . . . . . Level 4 . | . . . . . . . . Level 5 . | . . . . . . . . High Security . | . . . . . . . . Max Security . | . . . . . . . . Squads Dispatched 11 | . 2 . . . 2 7 . Investigation 4 | . 2 . . . 2 . . Extermination 3 | . . . . . . 3 . Reinforcement 3 | . . . . . . 3 . Assault . | . . . . . . . . Garrison 1 | . . . . . . 1 . Intercept . | . . . . . . . . Searches Triggered . | . . . . . . . . Construction Impeded . | . . . . . . . . Haulers Reinforced 2 | . . . . . . 2 . Active Scanning Responses . | . . . . . . . . Cargo Convoy Interrupts . | . . . . . . . . Stealth | -11 -10 -10 -10 -9 -8 -7 -7 --------- Run | Yrd Mat Min Exi Min Mat Fac Gar Distress Signals 3 | . . . . . 1 2 . Communications Jammed . | . . . . . . . . Distress Signals . | . . . . . . . . Times Spotted 59 | . 2 . . 6 13 28 10 Peak Tracking Total 5 | . 1 . . 4 3 5 4 Tactical Retreats 1 | . . . . . . 1 . Traps | -11 -10 -10 -10 -9 -8 -7 -7 ------- Run | Yrd Mat Min Exi Min Mat Fac Gar Traps Triggered 3 | . . . . . . 3 . Indirectly . | . . . . . . . . Trap Hack Attempts . | . . . . . . . . Triggered . | . . . . . . . . Disarmed . | . . . . . . . . Reprogrammed . | . . . . . . . . Reused . | . . . . . . . . Traps Extracted . | . . . . . . . . Installed . | . . . . . . . . Triggered . | . . . . . . . . Machines | -11 -10 -10 -10 -9 -8 -7 -7 ---------- Run | Yrd Mat Min Exi Min Mat Fac Gar Machines Disabled 12 | . 1 . . 1 6 4 . Max in Single Turn 3 | . 1 . . 1 3 1 . Machines Repaired . | . . . . . . . . Machines Dismantled . | . . . . . . . . Machines Sabotaged . | . . . . . . . . Overloaded Fab Kills . | . . . . . . . . Hacking | -11 -10 -10 -10 -9 -8 -7 -7 --------- Run | Yrd Mat Min Exi Min Mat Fac Gar Machines Accessed 12 | . 2 . 5 . 2 2 1 Terminals 5 | . 1 . . . 2 1 1 Fabricators . | . . . . . . . . Repair Stations . | . . . . . . . . Recycling Units 1 | . 1 . . . . . . Scanalyzers . | . . . . . . . . Garrison Access 1 | . . . . . . 1 . Total Hacks 71 | . 9 . 50 . 6 4 2 Successful 63 | . 5 . 50 . 5 2 1 Failed 8 | . 4 . . . 1 2 1 Catastrophic . | . . . . . . . . Database Lockouts . | . . . . . . . . Manual 4 | . . . 4 . . . . Terminals 14 | . 3 . . . 6 3 2 Fabricators . | . . . . . . . . Repair Stations . | . . . . . . . . Recycling Units 6 | . 6 . . . . . . Scanalyzers . | . . . . . . . . Garrison Access 1 | . . . . . . 1 . Terminal Hacks 58 | . 1 . 50 . 5 1 1 Record 53 | . 1 . 49 . 3 . . Prototype ID Bank 1 | . . . . . 1 . . Open Door 1 | . . . . . . . 1 Recycling Unit Index 1 | . . . . . 1 . . Alert Level 1 | . . . . . . 1 . Derelict Proto ID Bank 1 | . . . 1 . . . . Fabricator Hacks . | . . . . . . . . Repair Station Hacks . | . . . . . . . . Recycling Unit Hacks 4 | . 4 . . . . . . Recycle Component 1 | . 1 . . . . . . Process 1 | . 1 . . . . . . Report Inventory 1 | . 1 . . . . . . Retrieve Components 1 | . 1 . . . . . . Scanalyzer . | . . . . . . . . Garrison Access Hacks 1 | . . . . . . 1 . Unlock Access 1 | . . . . . . 1 . Unauthorized Hacks . | . . . . . . . . Terminals . | . . . . . . . . Fabricators . | . . . . . . . . Repair Stations . | . . . . . . . . Recycling Units . | . . . . . . . . Scanalyzers . | . . . . . . . . Garrison Access . | . . . . . . . . Data Cores Recovered . | . . . . . . . . Used . | . . . . . . . . Hacking Detections 4 | . 2 . . . 1 1 . Full Trace Events 3 | . 2 . . . 1 . . Feedback Events . | . . . . . . . . Feedback Blocked . | . . . . . . . . Robot Schematics Acquired . | . . . . . . . . Robots Built . | . . . . . . . . Authchips . | . . . . . . . . Time . | . . . . . . . . Total Robot Build Rating . | . . . . . . . . Part Schematics Acquired . | . . . . . . . . Parts Built . | . . . . . . . . Authchips . | . . . . . . . . Time . | . . . . . . . . Total Part Build Rating . | . . . . . . . . Parts Repaired . | . . . . . . . . Time . | . . . . . . . . Parts Recycled 1 | . 1 . . . . . . Recycled Matter . | . . . . . . . . Retrieved Matter . | . . . . . . . . Retrieved Components 1 | . 1 . . . . . . Parts Scanalyzed . | . . . . . . . . Part Schematics Acquired . | . . . . . . . . Parts Damaged . | . . . . . . . . Bothacking | -11 -10 -10 -10 -9 -8 -7 -7 ------------ Run | Yrd Mat Min Exi Min Mat Fac Gar Used RIF Installer . | . . . . . . . . Robots Hacked . | . . . . . . . . Non-combat . | . . . . . . . . Combat . | . . . . . . . . Robot Hacks Applied . | . . . . . . . . Relay Couplers Released . | . . . . . . . . Fabnet Peak Effective % . | . . . . . . . . Robots Rewired . | . . . . . . . . Allies Hacked . | . . . . . . . . Hacks Repelled . | . . . . . . . . Allies | -11 -10 -10 -10 -9 -8 -7 -7 -------- Run | Yrd Mat Min Exi Min Mat Fac Gar Total Allies 3 | . . . . 3 . . . Largest Group 3 | . . . . 3 1 . . Highest-Rated Group 40 | . . . . 40 8 . . Highest-Rated Ally 16 | . . . . 16 8 . . Total Orders 2 | . . . . 2 . . . ROAM 2 | . . . . 2 . . . Ally Attacks 8 | . . . . 1 7 . . Total Damage 60 | . . . . 8 52 . . Kills 2 | . . . . . 2 . . Allies Corrupted . | . . . . . . . . Allies Melted . | . . . . . . . . Intel | -11 -10 -10 -10 -9 -8 -7 -7 ------- Run | Yrd Mat Min Exi Min Mat Fac Gar Robot Analysis Total . | . . . . . . . . Derelict Logs Recovered 1 | . . . . 1 . . . Drone Launches . | . . . . . . . . Drone Recoveries . | . . . . . . . . Exploration | -11 -10 -10 -10 -9 -8 -7 -7 ------------- Run | Yrd Mat Min Exi Min Mat Fac Gar Turns Passed 5375 | 63 573 128 1009 249 815 2184 354 Spaces Moved 2872 | 55 264 81 619 142 450 1111 150 Core 55 | 32 . . . . . . 23 Treads 1745 | 23 264 81 619 142 450 74 92 Legs 1071 | . . . . . . 1037 34 Wheels . | . . . . . . . . Hover . | . . . . . . . . Flight 1 | . . . . . . . 1 Fastest Speed 50 | 50 160 160 160 160 160 110 50 Average Speed 159 | 96 160 160 160 160 160 161 169 Slowest Speed 350 | 160 160 160 160 160 160 190 350 Overloaded Moves . | . . . . . . . . Propulsion Burnouts . | . . . . . . . . Robots Hopped . | . . . . . . . . Cave-ins Triggered . | . . . . . . . . Exploration Rate (%) 26 | 4 33 14 73 29 26 20 12 Regions Visited 7 Branch Regions 3 Pre-discovered Areas 1 | . . . 1 . . . . Known Exits Taken 1 | . . . . . . 1 . Unknown Exits Taken 6 | 1 1 1 1 1 1 . . Scrap Searched . | . . . . . . . . Spaces Dug . | . . . . . . . . Terrain Destroyed 212 | . . . . 3 194 14 1 Melee . | . . . . . . . . Projectile 3 | . . . . . . 2 1 AOE 209 | . . . . 3 194 12 . Terrain Rammed . | . . . . . . . . Walls Destroyed . | . . . . . . . . Machines Disabled . | . . . . . . . . Actions | -11 -10 -10 -10 -9 -8 -7 -7 --------- Run | Yrd Mat Min Exi Min Mat Fac Gar Total 3435 | 66 404 80 640 156 497 1377 215 Wait 151 | . 98 . . . . 42 11 Move 2865 | 54 263 80 618 141 449 1110 150 Hop . | . . . . . . . . Pick Up 84 | 6 14 . 3 3 6 44 8 Fast Attach . | . . . . . . . . Attach 57 | 5 7 . 2 1 5 28 9 Detach 30 | . 5 . 2 1 . 17 5 Swap 7 | . 1 . 2 . . 4 . Drop 55 | 1 6 . 5 2 . 32 9 Fire 164 | . 7 . . 8 35 93 21 Melee . | . . . . . . . . Ram 1 | . . . . . . . 1 Kick 2 | . . . . . . 2 . Crush 5 | . 3 . . . 2 . . Escape Stasis 5 | . . . . . . 5 . Rewire 9 | . . . 8 . . . 1 Trap . | . . . . . . . . Miscellaneous . | . . . . . . . . Route ------- -11/Scrapyard -10/Materials -10/Mines -10/Exiles (discovered 2 exits: [*Min x2]) -9/Mines -8/Materials -7/Factory (discovered 2 exits: [*Sto] / Gar) -7/Garrison History --------- Turn | Location | Event 5 | -11/Scrapyard | Discovered new exit (range 15) 64 | -11/Scrapyard | Entered Materials 313 | -10/Materials | Build established: Mutant 550 | -10/Materials | Discovered new exit (range 12) 637 | -10/Materials | Entered Mines 754 | -10/Mines | Deemed a non-threat by the Exiles lab entrance 756 | -10/Mines | Discovered new exit (range 5) 765 | -10/Mines | Entered Exiles 824 | -10/Exiles | Met 8R-AWN 874 | -10/Exiles | Met EX-HEX 1004 | -10/Exiles | Met EX-DEC 1082 | -10/Exiles | Learned location of Zion (-6) 1143 | -10/Exiles | Discovered new exit (range 14) 1257 | -10/Exiles | Met EX-BIN 1294 | -10/Exiles | Aligned with FarCom system 1295 | -10/Exiles | Given EX-Vault access code 1481 | -10/Exiles | Opened EX-Vault 1492 | -10/Exiles | Found Prototype Energy Cannon 1507 | -10/Exiles | Identified Latent Energy Streamer 1563 | -10/Exiles | Warned to stay clear of 0b10 Research branches 1745 | -10/Exiles | Discovered new exit (range 15) 1774 | -10/Exiles | Left Exiles lab with Latent Energy Streamer 1774 | -10/Exiles | Entered Mines 1858 | -9/Mines | Assisted by bots powering up and referring to "LRC-V3" 1928 | -9/Mines | Received a Rocket Launcher from a helpful Derelict 1949 | -9/Mines | Learned Materials terminal intel 1999 | -9/Mines | Discovered new exit (range 4) 2023 | -9/Mines | Entered Materials 2023 | -8/Materials | Accompanied by 1 ally 2023 | -8/Materials | Evolved 4 slots: Propulsion x1, Utility x2, Weapon x1 2024 | -8/Materials | Loaded intel: 12 terminal locations 2493 | -8/Materials | Build established: Skirmisher 2554 | -8/Materials | System corruption reached 10% 2774 | -8/Materials | Discovered new exit (range 10) 2838 | -8/Materials | Entered Factory 2838 | -7/Factory | Evolved 2 slots: Utility x2 2907 | -7/Factory | Garrison activated, responded to threat 3303 | -7/Factory | Build established: Scavenger-Skirmisher 3699 | -7/Factory | Build established: Skirmisher 3963 | -7/Factory | Core integrity fell below 50% 4255 | -7/Factory | Build established: Mutant 4760 | -7/Factory | Build established: Skirmisher 4880 | -7/Factory | Discovered new exit (range 8) 5016 | -7/Factory | Identified exit to Garrison 5022 | -7/Factory | Entered Garrison 5159 | -7/Garrison | Build established: Gunner 5302 | -7/Garrison | Triggered checkpoint 5325 | -7/Garrison | Core integrity fell below 20% 5376 | -7/Garrison | Destroyed by Y-54 Guardian with Flak Gun Last Messages --------------- Arc Projector destroyed. Acquired 3 matter. Lgt. Treads destroyed. Slammed into Y-54 Guardian. Acquired Corrupted Autogun. System corrupted: Energy discharge (-45). Integrated Corrupted Autogun (+2). Corrupted Autogun temporarily disabled. Y-54 Guardian destroyed. Acquired 56 matter. Acquired 1 matter. Slug penetrates Y-54 Guardian. Mic. Nuclear Core destroyed. Gauss Cannon destroyed. Acquired 3 matter. Connecting with Door Terminal... >>Open(Door) Sealed Heavy Doors opened. Attempting to rewire WN-JZC(g). [Achievement: 5k Club] Map ----- +----------------------------------------------------+ | ?????????????????????????????????????? | | ?????????????????????????????????????? | | ?????????????????????????????????????? | | ?????????????????????????????????????? | | ?????????????????????????????????????? | | ?????????????????????????????????????? | | ?????????????????????????????????????? | | ?????????????????????????????????????? | | ?????????????????????????????????????? | | ?????????????????????????????????????? | | ?????????????????????????????????????? | | ?????????????????????????????????????? | | ?????????????????????????????????????? | | ????????????????????????????########## | | ????????????????????????????# ^ | | ????????????????????????????# ^ | | ????????????????????????????# ? | | ????????????????????????????# #??# # | | ????????????????????????????# #??# # | | ????????????????????????????# #??# # | | ????????????????????????????# #??# # | | ????????????????####????????# #??# # | | ????????????##### ########## #### # | | ????????????#bh# ##%Y% *%[% # | | ????????????#bg# ## ###### ###### | | ????????????#@ # ## ###??# #????? | | ????????????# ## #??# #????? | | ????????????# Y #??# +????? | | ????????????####T#####%% #??# #????? | | ???????????????###???# ###??# #????? | | ?????????????????????# #????# #????? | | ?????????????????????# #????# #????? | | ?????????????????????" #????# #????? | | ????????????????????? #????# #????? | | ????????????????????? #????#== #????? | | ?????????????????????###????# #????? | | ????????????????????????????# ] #????? | | ????????????????????????????#*] #????? | | ???????????????????????????## ! #????? | | ???????????????????????????# * ?? | | ???????????????????????????## =*#####? | | ????????????????????????????#! #????? | | ????????????????????????????# #????? | | ????????????????????????????# #????? | | ????????????????????????????# #????? | | ????????????????????????????# #????? | | ????????????????????????????# #????? | | ????????????????????????????# ###??? | | ????????????????????????????# #??? | | ????????????????????????????# #??? | +----------------------------------------------------+ Best States ------------- Heat Dissipation 48 Energy Generation 15 Energy Capacity 250 Matter Stores 370 Matter Capacity 400 Sight Range 18 Terrain Scan Density 10 Additional Mass Support 9 Resistance: KI 20 Resistance: TH 20 Resistance: EX 20 Resistance: EM 20 Resistance: I 20 Resistance: S 20 Resistance: P 20 Utility Shielding 66 Evasion (%) 55 Targeting Accuracy 14 Recoil Reduction 3 Energy Filtering 30 Kinecelleration 30 Offensive Hacking 10 Item Schematics ----------------- None Robot Schematics ------------------ None Fabricated ------------ Nothing Alien Tech Used ----------------- None Achievements -------------- 5k Club Librarian Troublemaker Challenges ------------ None Game ------ Seed CobblerLongswordSystem Manual? 0 Play Time 00:56:37 Cumulative 4.8 hours Start 2024.04.15 @ 23:06:57 End 2024.04.16 @ 00:08:39 Sessions 1 Manual Loads 0 Difficulty Adventurer Special Mode None Game No. 13 Rogue 11 Adventurer 2 Explorer 0 Win Type - Total 0 Types 0/0/0/0/0/0/0/0/0 Lore% 12 Gallery% 13 Achievement% 11 Wizard Run 0 Options --------- Layout 1 ASCII 0 Keyboard 0 Movement Arrows Keybinds 0 Fullscreen 1 Font 32/Terminus Map View 50x40 Zoom Use 0% Tactical HUD 0 Map Filters NONE Filters NONE Steam 1 RUN: 0b3b9866-4643-469d-8260-c10bfc558ee4